 Dungeon Crawl Stone Soup version 0.28-a0-464-g0687ed57fd (webtiles) character file.

Game seed: 3762272135778792608

2163 Dabor the Skirmisher (level 9, -6/69 HPs)
             Began as a Demonspawn Chaos Knight on Sept 14, 2021.
             Was a Plaything of Xom.
             Mangled by a wight (9 damage)
             ... summoned by Xom
             ... on level 6 of the Dungeon.
             The game lasted 00:37:41 (7921 turns).

Dabor the Skirmisher (Demonspawn Chaos Knight)      Turns: 7921, Time: 00:37:42

Health: -6/69      AC: 26    Str: 16    XL:     9   Next: 10%
Magic:  9/9        EV:  6    Int: 15    God:    Xom [....*.]
Gold:   452        SH:  7    Dex: 13    Spells: 6/8 levels left

rFire   + . .      SeeInvis +   l - +2 mace (vorpal)
rCold   + . .      Faith    .   y - +2 buckler
rNeg    . . .      Spirit   .   h - +4 plate armour {Will+}
rPois   +          Reflect  .   d - +0 helmet
rElec   +          Harm     .   D - +2 cloak {Stlth+}
rCorr   +          Rampage  .   b - +0 pair of gloves
Will    +....      Clarity  +   s - +0 pair of boots
Stlth   ..........              (no amulet)
HPRegen 1.21/turn               (no ring)
MPRegen 0.11/turn               (no ring)

@: resistant, cleaving
A: hooves 1, yellow scales 2, demonic guardian 1, see invisible, clarity, clever
1, regeneration 1, screaming 1, MP-powered wands, noise suppression
a: Renounce Religion


You were on level 6 of the Dungeon.
You worshipped Xom.
You were a beloved toy of Xom.
You visited 1 branch of the dungeon, and saw 6 of its levels.
You also visited: Sewer.

You collected 1416 gold pieces.
You spent 964 gold pieces at shops.

Inventory:

Hand Weapons
 a - a +0 hand axe of chaos
 l - a +2 vorpal mace (weapon)
Armour
 b - a +0 pair of gloves (worn)
 d - a +0 helmet (worn)
 h - a +4 plate armour of willpower (worn)
 o - a +1 kite shield
 s - a +0 pair of boots (worn)
 x - a +2 ring mail of poison resistance
 y - a +2 buckler (worn)
 D - a +2 cloak of stealth (worn)
Jewellery
 v - a ring of magical power
Scrolls
 c - 4 scrolls of identify
 i - a scroll of fear {unknown}
 k - 3 scrolls of enchant weapon {unknown}
 m - a scroll of noise {unknown}
 n - a scroll of torment {unknown}
 p - 2 scrolls of fog {unknown}
 q - 2 scrolls of blinking
 w - a scroll of immolation {unknown}
Potions
 e - a potion of lignification
 f - 2 potions of brilliance {unknown}
 g - a potion of resistance
 j - a potion of might {unknown}
 r - 3 potions of curing {unknown}
 t - 2 potions of magic {unknown}
 u - 2 potions of attraction {unknown}
 z - 3 potions of degeneration {unknown}
 A - 3 potions of haste {unknown}
 B - a potion of mutation {unknown}
 C - 3 potions of flight {unknown}


   Skills:
 + Level 6.2 Fighting
 + Level 5.7 Axes
 + Level 5.2 Armour
 + Level 5.0 Dodging
 + Level 4.2 Shields


You had 6 spell levels left.
You knew the following spells:

 Your Spells              Type           Power      Damage    Failure   Level
a - Blink                 Tloc           N/A        N/A       100%        2

Your spell library contained the following spells:

 Spells                   Type           Power      Damage    Failure   Level
 Corpse Rot               Necr/Air       N/A        N/A       100%        2
 Dispel Undead            Necr           0%         3d6       100%        4
 Manifold Assault         Tloc           0%         N/A       100%        5
 Death Channel            Necr           0%         N/A       100%        6
 Storm Form               Tmut/Air       0%         N/A       100%        7


Dungeon Overview and Level Annotations

Branches:
Dungeon (6/15)             Temple (0/1) D:5           Sewer (visited)

Altars:

Shops:
D:3 [   D:4 [*([[

Annotations:
D:6 Menkaure


Innate Abilities, Weirdness & Mutations

You have large cloven feet.
You are mostly covered in yellow scales. (AC +3)
A weak demonic guardian rushes to your aid.
You have supernaturally acute eyesight. (SInv)
You possess an exceptional clarity of mind.
Your mind is acute. (Int +2)
Your natural rate of healing is unusually fast.
You occasionally shout uncontrollably at your foes.
You expend magic power (3 MP) to strengthen your wands.
You passively dampen the noise of your surroundings.


Message History

Your bat hits Menkaure but does no damage.
Your quasit bites Menkaure but does no damage.
Your quasit claws Menkaure.
Your quasit barely misses Menkaure.
Really walk into a travel-excluded area?
Really walk into that cloud of flame?
You are engulfed in blazing flames.
You resist.
* * * LOW HITPOINT WARNING * * *
You are engulfed in blazing flames.
You resist.
* * * LOW HITPOINT WARNING * * *
You are engulfed in blazing flames.
You resist.
* * * LOW HITPOINT WARNING * * *
"Let's see if it's strong enough to survive yet."
Your bat hits the wight but does no damage. x2
Menkaure rustles drily.
Menkaure calls on the powers of darkness!
Your body is wracked with pain!
* * * LOW HITPOINT WARNING * * *
Your quasit bites Menkaure but does no damage.
Your quasit closely misses Menkaure.
Your quasit claws Menkaure but does no damage.
Menkaure closely misses your quasit.
Your quasit bites Menkaure.
Your quasit completely misses Menkaure.
Your quasit claws Menkaure.
You closely miss the phantom. You hit the bullfrog skeleton.
You closely miss the wight.
You are engulfed in blazing flames.
You resist.
* * * LOW HITPOINT WARNING * * *
Your bat hits the wight but does no damage.
Your bat misses the wight.
Your quasit bites Menkaure but does no damage.
Your quasit claws Menkaure but does no damage.
Your quasit claws Menkaure.
You block the bullfrog skeleton's attack.
The wight is engulfed in blazing flames.
You block the phantom's attack.
The wight hits your bat with a +5 scimitar!
Your bat dies!
Your bat's corpse disappears in a puff of smoke!
The wight is engulfed in blazing flames. x2
The wight hits you with a +0 flail!
You die...
Xom bursts into laughter!

#°§○# #.# #○§§#
#.# . #☼☼§# #.#
..#####...#####.#
...§§§.....°☼§..#
...§§☼.....○○°..#
..h§○☼..z..○○§.##
$.#####.ZW######
. #☼z@# #°zz# .
#§☼§#
...#####Mz§#
......$#..##
.......5.##
.......###
....... #######


You could see a phantom (summoned, ally target), Menkaure (fast), 5 wights, a
bullfrog skeleton (summoned) and a friendly quasit (summoned).

Vanquished Creatures
  The ghost of MaCx the Shooter, an amateur GrHu (D:3)
  A sky beast (D:6)
  An ice beast (D:5)
  A necrophage (D:6)
  A centaur (D:5)
  3 ogres
  2 kobold brigands (Sewer)
  3 scorpions
  A water moccasin skeleton (D:4)
  5 wights (D:6)
  A howler monkey (D:5)
  A centaur zombie (D:6)
  3 hounds
  A jelly (D:6)
  2 orc priests (D:6)
  A centaur skeleton (D:5)
  A gnoll shaman (D:5)
  2 iguanas (D:6)
  Terence (D:2)
  Natasha (twice) (D:2)
  An orc wizard (D:6)
  5 gnolls
  7 adders
  A river rat (Sewer)
  A shadow imp (D:5)
  2 white imps
  3 ufetubi
  An adder skeleton (D:3)
  6 worms
  3 orcs
  10 ball pythons
  10 bats
  7 endoplasms
  7 giant cockroaches
  6 goblins
  7 hobgoblins
  2 jackals (D:1)
  5 quokkas
  2 frilled lizards
  12 kobolds
  8 rats
140 creatures vanquished.

Vanquished Creatures (collateral kills)
  A bullfrog (D:6)
  A scorpion (D:4)
  A hound (D:5)
  A shadow imp (D:5)
  A white imp (D:5)
  A rat (D:3)
6 creatures vanquished.

Grand Total: 146 creatures vanquished

Notes
Turn   | Place    | Note
-------+----------+-------------------------------------------
     0 | D:1      | Dabor the Demonspawn Chaos Knight began the quest for the
                  | Orb.
     0 | D:1      | Reached XP level 1. HP: 18/18 MP: 1/1
    38 | D:1      | Reached skill level 1 in Dodging
   256 | D:1      | Gained mutation: You have large cloven feet. [demonic
                  | ancestry]
   256 | D:1      | Reached XP level 2. HP: 22/24 MP: 2/2
   654 | D:1      | Found a faded altar of an unknown god.
   868 | D:1      | Gained mutation: You are partially covered in yellow
                  | scales. (AC +2) [demonic ancestry]
   868 | D:1      | Reached XP level 3. HP: 27/29 MP: 3/3
  1219 | D:2      | Noticed Terence
  1233 | D:2      | Killed Terence
  1414 | D:2      | Learned a level 2 spell: Blink
  1530 | D:2      | Noticed Natasha
  1543 | D:2      | Killed Natasha
  1544 | D:2      | Gained mutation: A weak demonic guardian rushes to your
                  | aid. [demonic ancestry]
  1544 | D:2      | Reached XP level 4. HP: 10/36 MP: 4/4
  1908 | D:2      | XOM: god gift: scroll labelled XOPAIW UDUEDEH {god gift}
  2011 | D:2      | Noticed Natasha
  2022 | D:2      | Killed Natasha
  2286 | D:3      | Found Gujus's Antique Armour Emporium.
  2293 | D:3      | Bought a kite shield for 112 gold pieces
  2302 | D:3      | XOM: 1-stop teleportation journey
  2343 | D:3      | Reached XP level 5. HP: 40/42 MP: 5/5
  2599 | D:3      | XOM: 1-stop teleportation journey
  2627 | D:3      | Found a large runed translucent door.
  2627 | D:3      | Found a large runed translucent door.
  2630 | D:3      | Noticed MaCx's ghost (amateur GrHu)
  2759 | D:3      | XOM: silly message
  2777 | D:3      | XOM: confuse monster(s)
  2788 | D:3      | Killed MaCx's ghost
  2789 | D:3      | Reached skill level 4 in Fighting
  2789 | D:3      | Reached skill level 1 in Shields
  2789 | D:3      | Reached XP level 6. HP: 34/48 MP: 6/6
  3273 | D:3      | XOM: give mutations
  3273 | D:3      | Gained mutation: You possess an exceptional clarity of
                  | mind. [Xom's grace]
  3273 | D:3      | Gained mutation: You expend magic power (3 MP) to
                  | strengthen your wands. [Xom's grace]
  3446 | D:4      | Found Baoha's Antique Armour Emporium.
  3470 | D:4      | Found Joengim's Antique Weapon Shoppe.
  3472 | D:4      | Found Emnoerr's Armour Shop.
  3472 | D:4      | XOM: 4-stop teleportation journey
  3482 | D:4      | Found Qiehoym's Antique Armour Boutique.
  3603 | D:4      | XOM: stat loss: -1 Str (13/14)
  3694 | D:4      | Found Eqoymaig's General Store.
  3718 | D:4      | Found a glowing drain.
  3740 | Sewer    | Entered a sewer
  3741 | Sewer    | Identified a scroll of acquirement
  3741 | Sewer    | Acquired 1022 gold pieces
  3769 | Sewer    | XOM: enchant monster (bad)
  3819 | Sewer    | Reached XP level 7. HP: 50/55 MP: 7/7
  3842 | Sewer    | XOM: smoke on damage
  3917 | Sewer    | XOM: give mutations
  3917 | Sewer    | Gained mutation: Your mind is acute. (Int +2) [Xom's
                  | mischief]
  3917 | Sewer    | Lost mutation: Your mind is acute. (Int +2) [Xom's
                  | mischief]
  4095 | Sewer    | XOM: silly message
  4633 | D:4      | XOM: divination: detect creatures
  4798 | D:4      | Bought a glowing cloak for 150 gold pieces
  4888 | D:4      | Bought a shiny plate armour for 702 gold pieces
  4925 | D:5      | Entered Level 5 of the Dungeon
  5167 | D:5      | XOM: swap monsters
  5185 | D:5      | Reached skill level 5 in Fighting
  5197 | D:5      | XOM: scenery: 1 doors open
  5226 | D:5      | XOM: divination: detect creatures
  5237 | D:5      | XOM: smoke on damage
  5251 | D:5      | XOM: summons 3 friendly demons
  5587 | D:5      | Gained mutation: You are mostly covered in yellow scales.
                  | (AC +3) [demonic ancestry]
  5587 | D:5      | Reached XP level 8. HP: 62/62 MP: 8/8
  5876 | D:5      | Found a staircase to the Ecumenical Temple.
  5878 | D:5      | Identified the +3 leather armour of the Desert {-Tele +Inv
                  | Int+9 Dex-3}
  6075 | D:5      | XOM: potion effect (heal wounds)
  6081 | D:5      | Reached skill level 5 in Axes
  6482 | D:5      | XOM: god gift: 48 gold pieces
  7059 | D:6      | XOM: divination: detect creatures
  7077 | D:6      | XOM: cleaving
  7087 | D:6      | XOM: give mutation
  7087 | D:6      | Gained mutation: You occasionally shout uncontrollably at
                  | your foes. [Xom's mischief]
  7090 | D:6      | XOM: scenery: 1 doors open
  7127 | D:6      | Reached skill level 5 in Armour
  7379 | D:6      | XOM: summons 2 friendly demons
  7385 | D:6      | Reached skill level 6 in Fighting
  7400 | D:6      | XOM: 2-stop teleportation journey
  7425 | D:6      | XOM: give mutations
  7425 | D:6      | Gained mutation: Your mind is acute. (Int +2) [Xom's grace]
  7425 | D:6      | Gained mutation: You passively dampen the noise of your
                  | surroundings. [Xom's grace]
  7425 | D:6      | Gained mutation: You have supernaturally acute eyesight.
                  | (SInv) [Xom's grace]
  7425 | D:6      | Gained mutation: Your natural rate of healing is unusually
                  | fast. [Xom's grace]
  7446 | D:6      | Reached XP level 9. HP: 69/69 MP: 9/9
  7795 | D:6      | XOM: silly message
  7845 | D:6      | Reached skill level 5 in Dodging
  7910 | D:6      | Noticed Menkaure
  7913 | D:6      | XOM: cast spell 'Summon Small Mammal'
  7914 | D:6      | XOM: polymorph iron imp -> quasit
  7915 | D:6      | XOM: cleaving
  7920 | D:6      | XOM: summons 3 hostile shadow creatures
  7921 | D:6      | HP: 2/69 [something (4)]
  7921 | D:6      | Mangled by a wight

Illustrated notes

Levels and vault maps discovered:
D:1:      shiori_arrival_oz, layout_loops_ring, ebering_ecumenical_altar_mist,
          kennysheep_small_spiral, minmay_rat_gold_closets
D:2:      layout_basic, uniq_terence, uniq_natasha
D:3:      layout_basic, serial_shops, shop, ebering_ghost_disaster_area,
          minmay_checkerbox
D:4:      layout_gridville, serial_shops, shop, shop, shop, kennysheep_mini,
          shop, portal_sewer_entry_d
D:5:      layout_basic, minmay_temple_entry_wispy, st_stairs_2, nrook_uturn,
          serial_park_tiny_pond, grunt_ministairs_11
D:6:      layout_basic, lemuel_flame_loot_1, uniq_maggie, uniq_menkaure

Skill      XL: |  1  2  3  4  5  6  7  8  9 |
---------------+----------------------------+-----
Dodging        | 1 2 3 4 5 |  5.0
Armour         | 2 3 4 5 |  5.2
Axes           | 3 4 5 |  5.7
Fighting       | 4 5 6 |  6.2
Shields        | 1 2 3 4 |  4.2

Action                   |  1- 3 |  4- 6 |  7- 9 || total
-------------------------+-------+-------+-------++-------
Melee: Hand axe          |    80 |       |       ||    80
       Kick              |    18 |     5 |       ||    23
       Mace              |    18 |   171 |   371 ||   560
  Use: Scroll            |       |     5 |     7 ||    12
       Potion            |       |       |     2 ||     2
 Stab: Sleeping          |       |     1 |       ||     1
       Distracted        |       |       |     2 ||     2
Armor: Leather armour    |    20 |       |       ||    20
       Ring mail         |    15 |    71 |    26 ||   112
       Plate armour      |       |       |   307 ||   307
Dodge: Dodged            |    63 |    86 |    94 ||   243
Block: Kite shield       |       |    79 |    28 ||   107
       Buckler           |       |       |   135 ||   135

Table legend: (Time is in decaauts)
 A = Elapsed time spent in this place.
 B = Non-inter-level travel time spent in this place.
 C = Inter-level travel time spent in this place.
 D = Time resting spent in this place.
 E = Time spent auto-exploring this place.
 F = Levels seen in this place.
 G = Mean time per level.
                   A        B        C        D        E       F      G
               +--------+--------+--------+--------+--------+-----+--------+
         Total |   8234 |   8105 |    129 |   2283 |   2460 |   7 | 1176.3 |
       Dungeon |   7566 |   7437 |    129 |   2155 |   2349 |   6 | 1261.0 |
         Sewer |    668 |    668 |      0 |    128 |    111 |   1 |  668.0 |
               +--------+--------+--------+--------+--------+-----+--------+

Top non-repeatable levels by time:
     D:5: 2031 daAuts
     D:1: 1198 daAuts
     D:4: 1149 daAuts
     D:2: 1076 daAuts
     D:3: 1070 daAuts
     D:6: 1040 daAuts
   Sewer: 668 daAuts
